 Dungeon Crawl Stone Soup version 0.28-a0-46-g7b1be97da7 (webtiles) character file.

Game seed: 9584384648422284378

2 dmks the Magician (level 1, -1/15 HPs)
             Began as a Djinni Fire Elementalist on July 30, 2021.
             Slain by a jackal (3 damage)
             ... on level 1 of the Dungeon.
             The game lasted 00:00:23 (47 turns).

dmks the Magician (Djinni Fire Elementalist)          Turns: 47, Time: 00:00:23

Health: -1/15      AC:  2    Str:  7    XL:     1   Next: 44%
Gold:   13         EV: 12    Int: 16    God:
                   SH:  0    Dex: 13

rFire   + + .      SeeInvis .   (no weapon)
rCold   x . .      Faith    .   (no shield)
rNeg    . . .      Spirit   .   a - +0 robe
rPois   ∞          Reflect  .   (no helmet)
rElec   .          Harm     .   (no cloak)
rCorr   .          Rampage  .   (no gloves)
Will    .....                   (boots unavailable)
Stlth   ++........              (no amulet)
HPRegen 0.05/turn               (no ring)
MPRegen 0.00/turn               (no ring)

@: flying
A: sickness immunity, fire resistance 2, cold vulnerability 1, float, innate
caster, hp casting, extra vitality 1
a: no special abilities


You were on level 1 of the Dungeon.
You visited 1 branch of the dungeon, and saw 1 of its levels.

You collected 13 gold pieces.

Inventory:

Armour
 a - a +0 robe (worn)
Scrolls
 b - a scroll of enchant armour {unknown}


   Skills:
 + Level 2.3 Dodging
 + Level 1.6 Stealth
 + Level 2.4 Spellcasting


You couldn't memorise any spells.
You knew the following spells:

 Your Spells              Type           Power      Damage    Failure   Level
a - Foxfire               Conj/Fire      36%        2x1d5     8%          1
b - Inner Flame           Hex/Fire       9%         N/A       22%         3
d - Conjure Flame         Conj/Fire      9%         6-21      22%         3
q - Sticky Flame          Conj/Fire      9%         2d3       58%         4
x - Fireball              Conj/Fire      4%         3d4       90%         5
Your spell library was empty.

Dungeon Overview and Level Annotations

Branches:
Dungeon (1/15)

Altars:


Innate Abilities, Weirdness & Mutations

You are immune to sickness and miasma.
You are immune to poison.
Your flesh is very heat resistant. (rF++)
You are vulnerable to cold. (rC-)
You float through the air rather than walking.
You learn spells naturally, not from books.
Your magical power is your life essence.
You have superior vitality. (+4 HP)


Message History

Welcome, dmks the Djinni Fire Elementalist.
It is said that the Orb of Zot exists deep within this dungeon.
Found a troll leather armour and a scroll labelled ZUCARE XUCS.
Found a staircase leading out of the dungeon.
You begin with the following spells memorised: Foxfire, Conjure Flame, Inner Flame, Sticky Flame, Fireball.
Found 13 gold pieces.
b - a scroll labelled ZUCARE XUCS You now have 13 gold pieces.
Found 12 gold pieces.
Found a scroll labelled HOC GAVOIZAN.
A jackal comes into view.
Found a stone staircase leading down.
A jackal is nearby!
A jackal is nearby!
A jackal is nearby!
You conjure some foxfire!
A jackal is nearby!
Unknown command.
A jackal is nearby!
A jackal is nearby!
A jackal is nearby!
The foxfire hits the jackal.
The jackal barks!
The foxfire hits the jackal.
You kill the jackal!
Found 28 stones.
A jackal comes into view. x2
A jackal comes into view.
You conjure some foxfire!
The jackal barks! x2
A bat comes into view.
The foxfire hits the jackal. x2; The bat moves out of view.
You conjure some foxfire!
The foxfire hits the jackal.
The foxfire hits the jackal.
The jackal barely misses you.
You conjure some foxfire!
The jackal bites you. x2
* * * LOW HITPOINT WARNING * * *
The jackal bites you.
* * * LOW HITPOINT WARNING * * *
The bat closely misses you. The jackal closely misses you.
The foxfire hits the bat. x2
You kill the bat!
The jackal bites you.
* * * LOW HITPOINT WARNING * * *
The jackal barely misses you. The jackal bites you.
* * * LOW HITPOINT WARNING * * *
The jackal barely misses you. The jackal misses you.
You conjure some foxfire!
* * * LOW HITPOINT WARNING * * *
The jackal closely misses you. The jackal bites you.
You die...

.... .# ##.#.
########.#
.....##...>....#
.............?.#
...............#
...............#
......hhv......#
..(...h@.......#
......###v§......#
# ...##...#.......#
.#.
.#[.....#......#
...#.......#......#
...#........#.....#
#.........#.....#
#.....#...#.....#
#....<.#..#.....#


You could see 3 jackals.

Vanquished Creatures
  A bat (D:1)
  A jackal (D:1)
2 creatures vanquished.

Vanquished Creatures (others)
  7 foxfires (D:1)
7 creatures vanquished.

Grand Total: 9 creatures vanquished

Notes
Turn   | Place    | Note
-------+----------+-------------------------------------------
     0 | D:1      | dmks the Djinni Fire Elementalist began the quest for the
                  | Orb.
     0 | D:1      | Reached XP level 1. HP: 15/15 MP: 0/0
    47 | D:1      | Slain by a jackal

Illustrated notes

Levels and vault maps discovered:
D:1:      dpeg_arrival_solitude, layout_rooms, serial_glass, glass_columns_b,
          glass_columns_b, shapermc_ecumenical_altar_hornbeckon

Action                   || total
-------------------------++-------
 Cast: Foxfire           ||     5
Dodge: Dodged            ||     7

Table legend: (Time is in decaauts)
 A = Elapsed time spent in this place.
 B = Non-inter-level travel time spent in this place.
 C = Inter-level travel time spent in this place.
 D = Time resting spent in this place.
 E = Time spent auto-exploring this place.
 F = Levels seen in this place.
 G = Mean time per level.
                   A        B        C        D        E       F      G
               +--------+--------+--------+--------+--------+-----+--------+
         Total |     47 |     47 |      0 |      0 |     33 |   1 |   47.0 |
       Dungeon |     47 |     47 |      0 |      0 |     33 |   1 |   47.0 |
               +--------+--------+--------+--------+--------+-----+--------+

Top non-repeatable levels by time:
     D:1: 47 daAuts
